 Dungeon Crawl Stone Soup version 0.24.0-1-gfbc8707 (webtiles) character file.

Game seed: 10651313318767132087, levelgen mode: deterministic

6309 Buxparty the Fighter (level 10, -1/85 HPs)
             Began as a Mummy Wanderer on Jan 6, 2020.
             Was an Initiate of Gozag.
             Slain by an iguana (8 damage)
             ... on level 10 of the Dungeon.
             The game lasted 00:31:14 (8806 turns).

Buxparty the Fighter (Mummy Wanderer)               Turns: 8806, Time: 00:31:16

Health: -1/85      AC: 13    Str: 21    XL:     10   Next: 64%
Magic:  10/10      EV: 12    Int:  8    God:    Gozag
Gold:   617        SH:  0    Dex: 13    Spells: 9/9 levels left

rFire    x . .     SeeInvis .   a - +2 hand axe
rCold    + + .     Gourm    .   (no shield)
rNeg     + + +     Faith    .   p - +0 swamp dragon scales
rPois    ∞         Spirit   .   i - +1 helmet
rElec    .         Reflect  .   w - +0 cloak (curse)
rCorr    .         Harm     .   (no gloves)
MR       +....                  (no boots)
Stlth    +.........             o - amulet of regeneration
HPRegen  0.64/turn              d - ring of protection from cold
MPRegen  0.12/turn              (no ring)

@: gold aura
A: no food or potions, fire vulnerability, cold resistance 1, negative energy
resistance 3, torment resistance, unbreathing
a: Potion Petition, Call Merchant, Bribe Branch, Renounce Religion


You were on level 10 of the Dungeon.
You worshipped Gozag.
Gozag was pleased with you.
You were not hungry.

You visited 2 branches of the dungeon, and saw 11 of its levels.
You also visited: Ossuary.

You collected 742 gold pieces.
You paid 125 gold pieces to Gozag.

Inventory:

Hand Weapons
 a - a +2 hand axe (weapon)
Missiles
 m - 59 poisoned darts
 r - 6 curare-tipped darts (quivered)
Armour
 h - a +0 ring mail
 i - a +1 helmet (worn)
 p - +0 swamp dragon scales (worn)
 w - a cursed +0 cloak (worn)
Jewellery
 d - a ring of protection from cold (left hand)
 o - an amulet of regeneration (around neck)
Wands
 c - a wand of paralysis (16)
 j - a wand of disintegration (10)
 l - a wand of flame (82)
 q - a wand of acid (11)
Scrolls
 b - 3 scrolls of teleportation
 e - 2 scrolls of enchant weapon {unknown}
 f - 4 scrolls of magic mapping {unknown}
 g - 13 scrolls of identify {unknown}
 k - 5 scrolls of immolation {unknown}
 n - 3 scrolls of amnesia {unknown}
 s - 4 scrolls of random uselessness {unknown}
 t - a scroll of enchant armour {unknown}
 u - a scroll of fog {unknown}
 v - a scroll of blinking {unknown}
 x - a scroll of remove curse
 y - a scroll of fear {unknown}


   Skills:
 - Level 9.9 Fighting
 + Level 8.2 Axes
   Level 1.0 Staves
 - Level 1.0 Throwing
 + Level 7.4 Armour
 + Level 2.4 Dodging
 - Level 1.0 Stealth
 - Level 1.0 Evocations


You had 9 spell levels left.
You didn't know any spells.
Your spell library contained the following spells:

 Spells                   Type           Power        Failure   Level  Hunger
 Confusing Touch          Hex            #.....       54%         1    N/A
 Freeze                   Ice            #...         54%         1    N/A
 Sting                    Conj/Pois      #...         54%         1    N/A
 Poisonous Vapours        Pois/Air       #.....       69%         2    N/A
 Throw Frost              Conj/Ice       #.....       69%         2    N/A
 Confuse                  Hex            #.......     89%         3    N/A
 Gell's Gravitas          Tloc           #.........   89%         3    N/A
 Mephitic Cloud           Conj/Pois/Air  #.......     89%         3    N/A
 Ozocubu's Armour         Chrm/Ice       #.......     89%         3    N/A
 Olgreb's Toxic Radiance  Pois           #.......     100%        4    N/A
 Petrify                  Tmut/Erth      #.......     100%        4    N/A
 Summon Ice Beast         Ice/Summ       #.......     100%        4    N/A
 Throw Icicle             Conj/Ice       #.......     100%        4    N/A
 Metabolic Englaciation   Hex/Ice        #.........   100%        5    N/A
 Venom Bolt               Conj/Pois      #.........   100%        5    N/A
 Yara's Violent Unravell  Hex/Tmut       #.........   100%        5    N/A

Dungeon Overview and Level Annotations

Branches:
Dungeon (10/15)            Temple (1/1) D:7            Lair (0/6) D:10
Ossuary (visited)
    Orc: D:9-12

Altars:
Ashenzari
Cheibriados
Dithmenos
Elyvilon
Fedhas
Gozag
Hepliaklqana
Kikubaaqudgha
Makhleb
Nemelex Xobeh
Okawaru
Qazlal
Ru
Sif Muna
Trog
Uskayaw
Vehumet
Wu Jian
Xom
Yredelemnul
Zin
The Shining One

Shops:
D:4 !   D:10 *

Annotations:
D:6 2 transporters, LostInSpace's ghost, novice OpTm


Innate Abilities, Weirdness & Mutations

You do not eat or drink.
Your flesh is vulnerable to fire.
You are immune to poison.
Your flesh is cold resistant. (rC+)
You are immune to negative energy. (rN+++)
You are immune to unholy pain and torment.
You can survive without breathing.


Message History

You are struck by the porcupine's spines.
* * * LOW HITPOINT WARNING * * *
You barely miss the porcupine. You hit the iguana but do no damage.
You are struck by the porcupine's spines.
* * * LOW HITPOINT WARNING * * *
You hit the porcupine. You hit the fungus but do no damage.
The porcupine closely misses you. The porcupine bites you!
* * * LOW HITPOINT WARNING * * *
The iguana misses you. The basilisk gazes at you.
You easily resist.
Unknown command.
You hit the basilisk.
You kill the basilisk!
You hit the porcupine. You hit the iguana but do no damage.
You hit the porcupine. You hit the fungus.
You destroy the fungus!
The porcupine closely misses you. x2; The iguana bites you!
You die...
Your body crumbles into a pile of gold.

...P...P...##.####..####...
♣...?.♣.....#<####..# ##.#
P.......PP..........# #.#
..PP.PP............## #.#
P..P........###### #.#
♣.>..P..♣..### #.#
.P..♣P.P........#########.#
..P.P♣...$..............#.#
.P.(♣♣P..r@.#...#######....
.P.P...P..lr##..# #....
P.....P/..P.....# ##...
#.P......P........... ##.#
##........####.#####. #.#
#.#####..# #.# #.# .. #..#
#.# ###.####.# # #..# #.#
#......... #..#
#.....#.#.#'#.


You could see an iguana and 2 porcupines.

Vanquished Creatures
  A komodo dragon (D:10)
  A queen bee (D:8)
  Grinder (D:5)
  2 hippogriffs
  A basilisk (D:10)
  4 yaks
  A hungry ghost (D:7)
  A porcupine (D:9)
  A black bear (D:6)
  An ice beast (D:5)
  3 orc warriors
  A phantom (D:5)
  2 necrophages
  5 ogres
  4 centaurs
  A big kobold (D:5)
  5 bullfrogs
  A wyvern zombie (D:7)
  An elf skeleton (D:8)
  A water moccasin skeleton (D:8)
  3 scorpions
  17 killer bees
  5 wights (D:10)
  A howler monkey (D:4)
  A centaur zombie (Ossuary)
  3 crimson imps
  6 hounds
  2 human zombies
  A jelly (D:5)
  4 orc priests
  2 human skeletons (D:8)
  4 orc wizards
  Jessica (D:2)
  5 worker ants
  2 big kobold zombies (Ossuary)
  3 mummies (Ossuary)
  A worker ant zombie (D:7)
  3 gnolls (D:6)
  A howler monkey zombie (D:8)
  7 adders
  2 shadow imps
  An adder skeleton (D:4)
  2 worms
  4 dart slugs
  8 leopard geckos
  13 orcs
  2 bat skeletons (D:7)
  4 bat zombies (D:7)
  8 giant cockroaches
  2 gnoll zombies (Ossuary)
  12 goblins
  6 hobgoblins
  21 jackals
  10 kobolds
  5 quokkas
  A ball python (D:1)
  5 bats
  6 frilled lizards
  A giant cockroach zombie (D:4)
  A goblin zombie (Ossuary)
  A hobgoblin zombie (Ossuary)
  A leopard gecko zombie (D:5)
  An orc skeleton (D:8)
  An orc zombie (D:8)
  6 rats
  A fungus (D:10)
235 creatures vanquished.

Notes
Turn   | Place    | Note
-------+----------+-------------------------------------------
     0 | D:1      | Buxparty the Mummy Wanderer began the quest for the Orb.
     0 | D:1      | Buxparty set off with the following items: a +2 hand axe, 2
                  | scrolls of teleportation, a +0 robe
     0 | D:1      | Reached XP level 1. HP: 19/19 MP: 1/1
   202 | D:1      | Reached XP level 2. HP: 12/25 MP: 2/2
   841 | D:1      | You fall into a shaft and drop 1 floor!
   844 | D:2      | Reached XP level 3. HP: 29/31 MP: 3/3
   851 | D:2      | Found a sparkling altar of Nemelex Xobeh.
  1338 | D:2      | Reached XP level 4. HP: 37/38 MP: 4/4
  1370 | D:2      | Noticed Jessica
  1373 | D:2      | Killed Jessica
  1373 | D:2      | Reached skill level 5 in Fighting
  1752 | D:3      | Found a shadowy altar of Dithmenos.
  1817 | D:3      | Reached XP level 5. HP: 41/44 MP: 5/5
  2060 | D:3      | Reached skill level 1 in Armour
  2184 | D:4      | Reached XP level 6. HP: 52/52 MP: 6/6
  2214 | D:4      | Found a bloodstained altar of Trog.
  2316 | D:4      | Found Unuyfit's Distillery.
  2381 | D:4      | Reached skill level 6 in Fighting
  2544 | D:4      | Found a shattered altar of Ashenzari.
  2925 | D:5      | Entered Level 5 of the Dungeon
  2981 | D:5      | Reached XP level 7. HP: 50/58 MP: 7/7
  3158 | D:5      | Noticed Grinder
  3194 | D:5      | Killed Grinder
  3283 | D:5      | Found a shimmering blue altar of Sif Muna.
  3377 | D:5      | Found a radiant altar of Vehumet.
  3569 | D:6      | Reached skill level 7 in Fighting
  3569 | D:6      | Reached XP level 8. HP: 67/67 MP: 8/8
  3588 | D:6      | Reached skill level 5 in Axes
  3946 | D:6      | Found a burning altar of Makhleb.
  3997 | D:6      | Found a transporter.
  3999 | D:6      | Found a transporter.
  4000 | D:6      | Noticed LostInSpace's ghost (novice OpTm)
  4649 | D:7      | Found a staircase to the Ecumenical Temple.
  4655 | D:7      | Reached skill level 8 in Fighting
  4706 | Temple   | Entered the Ecumenical Temple
  5034 | D:7      | Found an ancient bone altar of Kikubaaqudgha.
  5113 | D:7      | Reached skill level 5 in Armour
  5113 | D:7      | Reached XP level 9. HP: 68/74 MP: 9/9
  5626 | D:8      | Found a sand-covered staircase.
  5653 | Ossuary  | Entered an ossuary
  6041 | D:7      | Reached skill level 9 in Fighting
  6161 | D:8      | Noticed a queen bee
  6847 | D:8      | Killed a queen bee
  6847 | D:8      | Reached XP level 10. HP: 83/83 MP: 10/10
  7012 | D:8      | Found an opulent altar of Gozag.
  7026 | D:8      | Became a worshipper of Gozag Ym Sagoz the Greedy
  7391 | D:8      | You fall into a shaft and drop 2 floors!
  7391 | D:10     | Entered Level 10 of the Dungeon
  7752 | D:10     | Reached skill level 1 in Dodging
  7819 | D:10     | Found a staircase to the Lair.
  8036 | D:9      | Found a blossoming altar of Fedhas.
  8749 | D:10     | Found Zaometes's Assorted Antiques.
  8806 | D:10     | Slain by an iguana

Levels and vault maps discovered:
D:1:      minmay_arrival_cross, layout_loops_cross
D:2:      layout_loops_cross, lemuel_round_altar, first_ration, uniq_jessica
D:3:      layout_rooms, nicolae_dithmenos_through_a_glass_darkly
D:4:      layout_basic, bloody_trog, serial_shops, shop,
          nicolae_ashenzari_panopticon
D:5:      layout_rooms, lemuel_doored_altar, lemuel_blue_sif_altar, uniq_grinder
D:6:      layout_gridville, kennysheep_little_box, gammafunk_ghost_mausoleum
D:7:      layout_layer_cave, kennysheep_vampire_church,
          minmay_temple_entry_glass
D:8:      layout_cave_pools, grunt_gozag_statues,
          nicolae_ossuary_entry_catacombs, david_nohive_1
D:9:      layout_small_grid, fedhas_bush_and_centaur_altar
D:10:     layout_loops_ring, minmay_lair_entry_grove, serial_shops,
          nicolae_shop_trees, nicolae_shop_behind_doors
Temple:   dshaligram_water_room_temple

Skill      XL: |  1  2  3  4  5  6  7  8  9 10 |
---------------+-------------------------------+-----
Axes           | 2 3 4 6 7 8 |  8.2
Fighting       | 5 6 7 8 9 |  9.9
Armour         | 1 2 3 5 6 7 |  7.4
Dodging        | 2 |  2.4
Staves         | |  1.0
Throwing       | |  1.0
Stealth        | |  1.0
Evocations     | |  1.0

Action                   |  1- 3 |  4- 6 |  7- 9 | 10-12 || total
-------------------------+-------+-------+-------+-------++-------
Melee: Hand axe          |   129 |   201 |   614 |   294 ||  1238
Throw: Dart              |       |       |    12 |     1 ||    13
  Use: Scroll            |       |       |     4 |       ||     4
Armor: Ring mail         |    53 |    92 |       |       ||   145
       Robe              |     6 |       |       |       ||     6
       Swamp dragon scal |       |       |   381 |   131 ||   512
Dodge: Dodged            |    73 |   121 |   426 |   159 ||   779
